 Dungeon Crawl Stone Soup version 0.28-a0-845-gfc338a8e3c (webtiles) character file.

Game seed: 945423551111837772

570 Rennog the Ruffian (level 7, -2/70 HPs)
             Began as a Troll Fighter on Nov 13, 2021.
             Was a Believer of Ru.
             Slain by a gnoll (20 damage)
             ... on level 4 of the Dungeon.
             The game lasted 00:06:00 (3766 turns).

Rennog the Ruffian (Troll Fighter)                  Turns: 3766, Time: 00:06:01

Health: -2/70      AC:  4    Str: 25    XL:     7   Next: 11%
Magic:  6/6        EV:  8    Int:  4    God:    Ru [**....]
Gold:   265        SH:  7    Dex: 11    Spells: 6/6 levels left

rFire   + . .      SeeInvis .     - Unarmed
rCold   + . .      Faith    .   b - +0 kite shield
rNeg    . . .      Spirit   .   a - +0 robe
rPois   .          Reflect  .   (helmet restricted)
rElec   .          Harm     .   p - scarf {rC+ rF+}
rCorr   .          Rampage  .   (gloves unavailable)
Will    +....                   (boots unavailable)
Stlth   +.........              (no amulet)
HPRegen 1.21/turn               i - ring of willpower
MPRegen 0.10/turn               (no ring)

@: no status effects
A: large, unfitting armour, claws 3, regeneration 1, shaggy fur 1, tough skin 1,
hated by all
a: Renounce Religion


You were on level 4 of the Dungeon.
You worshipped Ru.
Ru was pleased with you.
You visited 2 branches of the dungeon, and saw 6 of its levels.

You collected 265 gold pieces.

Inventory:

Armour
 a - a +0 robe (worn)
 b - a +0 kite shield (worn)
 p - a scarf of resistance (worn)
Jewellery
 i - a ring of willpower (left claw)
 m - a ring of magical power
Scrolls
 d - 2 scrolls of vulnerability {unknown}
 e - 2 scrolls of teleportation {unknown}
 f - a scroll of noise {unknown}
 j - a scroll of blinking {unknown}
 k - 4 scrolls of identify {unknown}
 l - a scroll of magic mapping {unknown}
 r - a scroll of enchant weapon {unknown}
Potions
 c - a potion of might
 g - a potion of curing {unknown}
 h - a potion of mutation {unknown}
 n - a potion of lignification {unknown}
 o - a potion of flight {unknown}
 q - a potion of cancellation {unknown}


   Skills:
 - Level 4.0 Fighting
 - Level 2.4 Dodging
 - Level 2.4 Shields
 * Level 6.8 Unarmed Combat


You had 6 spell levels left.
You didn't know any spells.
Your spell library contained the following spells:

 Spells                   Type           Power      Damage    Failure   Level
 Stone Arrow              Conj/Erth      0%         3d7       100%        3
 Fulminant Prism          Conj/Hex       0%         3d6       100%        4
 Iskenderun's Mystic Bla  Conj/Tloc      0%         2d3       100%        4
 Lee's Rapid Deconstruct  Erth           0%         3d5*      100%        5
 Lehudib's Crystal Spear  Conj/Erth      0%         10d2      100%        8
 Animate Armour           Summ/Erth      Unusable   N/A       N/A         4

Dungeon Overview and Level Annotations

Branches:
Dungeon (5/15)             Temple (1/1) D:4

Altars:
Ru
Xom


Innate Abilities, Weirdness & Mutations

You are too large for most types of armour.
You have claws for hands.
Your natural rate of healing is unusually fast.
You are covered in fur. (AC +1)
You have tough skin. (AC +1)
You are hated by all.


Message History

You see here 30 stones.
You see here a +0 dagger.
Key pressed, stopping explore.
Done exploring.
Done exploring.
Done exploring.
There is a stone staircase leading down here.
You climb downwards.
The gnoll shaman shouts!
You hear a shout!
The gnoll shouts!
There is a stone staircase leading up here.
You claw the gnoll shaman!
The gnoll shaman is almost dead.
A gnoll comes into view. It is wielding a +0 spear.
The gnoll shaman hits you with a +0 whip!
The gnoll hits you from afar with a +0 spear.
Your shield prevents you from hitting the gnoll shaman.
The gnoll shaman is almost dead.
You block the gnoll shaman's attack.
The gnoll hits you from afar with a +0 spear.
You claw the gnoll shaman!
You kill the gnoll shaman!
The gnoll hits you from afar with a +0 spear.
The gnoll barely misses you.
You claw the gnoll!
The gnoll is severely wounded.
The gnoll hits you from afar with a +0 spear. x2
The gnoll hits you with a +1 whip of electrocution.
You are electrocuted!
You block the gnoll's attack.
The gnoll hits you from afar with a +0 spear.
* * * LOW HITPOINT WARNING * * *
The gnoll barely misses you.
You climb upwards.
There is a stone staircase leading down here.
You barely miss the gnoll.
The gnoll is severely wounded.
The gnoll hits you with a +1 whip of electrocution.
* * * LOW HITPOINT WARNING * * *
You are electrocuted!!
You die...

.............####..##..####......
..............##......## ###....
...............#.......### #####
..............)..........##
...........##.............##
####..########.............##
#### #..............#
#.....<........# ############
##.@...........# #..........##
#g............#
............###............##
............#..............#
..............##..........##
.............####.........#
#............# #........##
#............## ###.....##
##............# ####(.## ##


You could see a gnoll.

Vanquished Creatures
  An ogre (D:3)
  A howler monkey (D:4)
  A jelly (D:4)
  2 gnoll shamans
  An iguana (D:4)
  Natasha (thrice) (D:2)
  2 orc wizards
  A hound skeleton (D:4)
  Robin (D:2)
  6 adders
  3 adder skeletons (D:4)
  3 worms
  A dart slug (D:4)
  9 orcs
  3 bats
  8 endoplasms
  2 giant cockroaches
  11 hobgoblins
  A jackal (D:4)
  5 quokkas
  11 ball pythons
  8 frilled lizards
  15 goblins
  5 kobolds
  A quokka skeleton (D:4)
  7 rats
112 creatures vanquished.

Vanquished Creatures (others)
  A plant (D:2)
1 creature vanquished.

Grand Total: 113 creatures vanquished

Notes
Turn   | Place    | Note
-------+----------+-------------------------------------------
     0 | D:1      | Rennog the Troll Fighter began the quest for the Orb.
     0 | D:1      | Reached XP level 1. HP: 22/22 MP: 0/0
   196 | D:1      | Reached XP level 2. HP: 20/29 MP: 1/1
   931 | D:2      | Reached skill level 3 in Unarmed Combat
   931 | D:2      | Reached XP level 3. HP: 36/36 MP: 2/2
  1185 | D:2      | Noticed Robin
  1227 | D:2      | Reached XP level 4. HP: 9/45 MP: 3/3
  1250 | D:2      | Killed Robin
  1379 | D:2      | Noticed Natasha
  1385 | D:2      | Killed Natasha
  1386 | D:2      | Reached skill level 4 in Unarmed Combat
  1475 | D:2      | Noticed Natasha
  1481 | D:2      | Killed Natasha
  1508 | D:2      | Reached XP level 5. HP: 45/53 MP: 4/4
  1512 | D:2      | Noticed Natasha
  1520 | D:2      | Killed Natasha
  1607 | D:2      | Found a faded altar of an unknown god.
  2027 | D:3      | Reached skill level 5 in Unarmed Combat
  2136 | D:3      | Noticed an ogre
  2208 | D:4      | Reached XP level 6. HP: 62/62 MP: 5/5
  2376 | D:4      | Found a staircase to the Ecumenical Temple.
  2396 | D:4      | Reached skill level 6 in Unarmed Combat
  2405 | Temple   | Entered the Ecumenical Temple
  2417 | Temple   | Became a worshipper of Ru the Awakened
  3075 | D:3      | Reached XP level 7. HP: 37/70 MP: 6/6
  3496 | D:4      | Gained mutation: You are hated by all. [Ru sacrifice]
  3496 | D:4      | Reached * piety under Ru
  3496 | D:4      | Reached ** piety under Ru
  3759 | D:5      | Entered Level 5 of the Dungeon
  3766 | D:4      | Slain by a gnoll

Illustrated notes

Levels and vault maps discovered:
D:1:      roderic_crop_circles_arrival_small, layout_basic, minmay_lizard_pond
D:2:      layout_basic, chequers_ecumenical_altar_simple_redux, serial_forest,
          infiniplex_forest_lined_3_way, infiniplex_forest_corner_1,
          infiniplex_forest_lined_3, infiniplex_forest_end_1,
          infiniplex_forest_lined_2, infiniplex_forest_clump_medium, uniq_robin,
          uniq_natasha
D:3:      layout_loops_cross, patterned_corridor
D:4:      minmay_chambers_of_threes, layout_cave_pods,
          minmay_temple_entry_arrows
D:5:      layout_cave_pools, serial_bayou_crossing
Temple:   mainiacjoe_temple_bowtie_tessellation

Skill      XL: |  1  2  3  4  5  6 |
---------------+-------------------+-----
Unarmed Combat | 3 4 5 6 |  6.8
Fighting       | 3 4 |  4.0
Dodging        | |  2.4
Shields        | |  2.4

Action                   |  1- 3 |  4- 6 |  7- 9 || total
-------------------------+-------+-------+-------++-------
Melee: Unarmed           |   118 |   173 |    16 ||   307
Invok: Sacrifice Love    |       |       |     1 ||     1
Armor: Robe              |    61 |    35 |     4 ||   100
Dodge: Dodged            |    67 |    34 |     3 ||   104
Block: Kite shield       |    44 |    39 |     4 ||    87

Table legend: (Time is in decaauts)
 A = Elapsed time spent in this place.
 B = Non-inter-level travel time spent in this place.
 C = Inter-level travel time spent in this place.
 D = Time resting spent in this place.
 E = Time spent auto-exploring this place.
 F = Levels seen in this place.
 G = Mean time per level.
                   A        B        C        D        E       F      G
               +--------+--------+--------+--------+--------+-----+--------+
         Total |   3823 |   3607 |    216 |      0 |   2867 |   6 |  637.2 |
       Dungeon |   3801 |   3597 |    204 |      0 |   2861 |   5 |  760.2 |
        Temple |     21 |      9 |     12 |      0 |      6 |   1 |   21.0 |
               +--------+--------+--------+--------+--------+-----+--------+

Top non-repeatable levels by time:
     D:2: 1081 daAuts
     D:4: 1076 daAuts
     D:1: 937 daAuts
     D:3: 701 daAuts
  Temple: 21 daAuts
     D:5: 6 daAuts
